AoeStats
← Coalpool6926

Arena

508841146Analyzed
3v3 RM · 7d ago on Sep 24, 2026· 44m 46s· 6 players
Game mode
Random Map
Map size
Normal (6 player)
Population
200
Speed
Normal
Resources
Standard
Victory
Conquest
Starting age
Dark Age
Ending age
Imperial Age
RankedLock teamsTeams togetherTeam positionsShared explorationLock speedFull tech treeHidden civsTurbo modeCheats
Victory
Defeat
🇰🇷 Britons · South Korea
1036
+29
🇩🇪 Khmer · Germany
1026
+18
🇨🇳 Poles · China
1008
+19
🇺🇸 Spanish · United States
1107
-20
🇵🇰 Teutons · Pakistan
1054
-36
🇬🇧 Celts · United Kingdom
1040
-17
XI JINPING
10:53 Feudal Age
12:53 Double-Bit Axe
15:51 Castle Age
13:58 Stone Mining
15:30 Fletching
22:56 Wheelbarrow
22:48 Padded Archer Armor
23:20 Gold Mining
25:21 Hand Cart
24:55 Horse Collar
26:09 Heavy Plow
26:03 Loom
25:54 Pikeman
27:30 Bow Saw
27:58 Squires
28:49 Ballistics
30:11 Gold Shaft Mining
29:28 Arson
32:49 Imperial Age
30:34 Bodkin Arrow
30:55 Leather Archer Armor
31:14 Forging
31:04 Scale Mail Armor
32:30 Leather Archer Armor
32:43 Masonry
32:04 Elite Skirmisher
33:23 Iron Casting
33:03 Chain Mail Armor
34:37 Chemistry
33:39 Bracer
35:37 Two-Man Saw
34:34 Halberdier
35:41 Halberdier
36:12 Halberdier
38:28 Ring Archer Armor
38:58 Blast Furnace
38:28 Plate Mail Armor
Icke
6:50 Loom
10:09 Feudal Age
14:39 Castle Age
12:49 Horse Collar
13:30 Double-Bit Axe
16:38 Heavy Plow
20:11 Wheelbarrow
20:12 Bow Saw
23:10 Hand Cart
27:25 Imperial Age
25:28 Town Watch
26:27 Bloodlines
26:17 Husbandry
25:38 Light Cavalry
27:00 Scale Barding Armor
27:06 Forging
27:13 Murder Holes
29:10 Chain Barding Armor
29:26 Iron Casting
28:28 Hussar
31:04 Town Patrol
31:12 Double Crossbow
32:12 Plate Barding Armor
33:06 Gold Mining
33:11 Stone Mining
33:16 Heavy Scorpion
35:26 Gold Shaft Mining
35:26 Stone Shaft Mining
36:15 Chemistry
35:45 Ballistics
zcy2825309606
11:05 Feudal Age
11:32 Double-Bit Axe
14:52 Stone Mining
17:10 Castle Age
14:58 Loom
16:57 Gold Mining
16:49 Horse Collar
18:40 Pikeman
19:22 Squires
21:40 Bow Saw
24:35 Scale Mail Armor
25:12 Forging
25:59 Chain Mail Armor
26:37 Scale Barding Armor
27:04 Fortified Wall
27:34 Heavy Plow
29:20 Iron Casting
29:55 Wheelbarrow
33:50 Imperial Age
32:49 Stone Shaft Mining
33:26 Hand Cart
32:58 Town Watch
33:20 Szlachta Privileges
32:39 Light Cavalry
33:30 Bloodlines
33:23 Husbandry
35:38 Chain Barding Armor
35:47 Conscription
36:32 Chemistry
36:06 Crop Rotation
35:27 Cavalier
38:58 Blast Furnace
41:44 Elite Obuch
43:09 Plate Mail Armor
Coalpool6926
9:40 Loom
12:01 Feudal Age
16:03 Castle Age
14:33 Double-Bit Axe
14:35 Horse Collar
17:43 Bow Saw
23:13 Heavy Plow
25:18 Wheelbarrow
25:33 Scale Mail Armor
26:47 Chain Mail Armor
28:25 Forging
31:20 Imperial Age
32:46 Hand Cart
33:56 Town Watch
35:58 Conscription
36:46 Hoardings
37:44 Plate Mail Armor
38:22 Pikeman
38:48 Arson
39:54 Fletching
40:05 Padded Archer Armor
39:45 Capped Ram
40:34 Halberdier
43:26 Murder Holes
43:42 Masonry
Y0ur_Mang1na
2:31 Loom
11:27 Feudal Age
15:07 Castle Age
12:58 Double-Bit Axe
14:14 Town Watch
14:24 Horse Collar
16:13 Bow Saw
22:41 Wheelbarrow
23:12 Heavy Plow
23:44 Hand Cart
24:08 Padded Archer Armor
23:59 Fletching
24:36 Gold Mining
25:43 Fortified Wall
25:54 Ballistics
25:03 Elite Skirmisher
26:01 Leather Archer Armor
25:41 Bodkin Arrow
26:19 Bodkin Arrow
26:32 Thumb Ring
31:46 Imperial Age
29:48 Stone Mining
30:15 Scale Barding Armor
31:27 Chain Barding Armor
31:33 Bloodlines
31:23 Husbandry
30:44 Light Cavalry
31:39 Forging
33:06 Plate Barding Armor
31:53 Cavalier
33:07 Ring Archer Armor
34:09 Chemistry
33:20 Masonry
32:39 Capped Ram
34:41 Two-Man Saw
34:27 Siege Ram
36:34 Pikeman
37:22 Paladin
38:28 Bracer
39:04 Iron Casting
38:49 Squires
39:45 Stone Shaft Mining
39:16 Scale Mail Armor
39:51 Supremacy
39:52 Conscription
40:06 Architecture
41:16 Hoardings
42:50 Hussar
shahwajeh5
13:25 Feudal Age
13:52 Double-Bit Axe
14:51 Horse Collar
18:42 Castle Age
17:05 Gold Mining
19:36 Bow Saw
19:44 Heavy Plow
26:17 Stone Mining
27:28 Wheelbarrow
29:14 Wheelbarrow
29:30 Wheelbarrow
29:58 Scale Barding Armor
30:03 Forging
31:07 Bloodlines
35:24 Chain Barding Armor
35:40 Iron Casting
40:32 Imperial Age
41:44 Conscription
41:31 Squires
40:51 Pikeman
41:53 Cavalier
42:01 Halberdier
43:36 Paladin
Connection lost

Rejoining the realm…

Still unreachable

The connection could not be restored.

Session expired

The server has moved on; the page needs a fresh start.